AoeStats
← Bongo12

Nomad

510284351Analyzed
2v2 RM · 1d ago on Sep 30, 2026· 47m 14s· 4 players
Game mode
Random Map
Map size
176×176
Population
200
Speed
Normal
Resources
Standard
Victory
Conquest
Starting age
Dark Age
Ending age
Imperial Age
RankedLock teamsTeams togetherTeam positionsShared explorationLock speedFull tech treeHidden civsTurbo modeCheats
Victory
Defeat
🇫🇷 Koreans · France
1166
+14
🇫🇷 Spanish · France
1165
+14
🇳🇿 Burgundians · New Zealand
1151
-15
🇪🇸 Varangians · Spain
1096
-13
Bongo12
8:40 Double-Bit Axe
9:17 Loom
11:24 Horse Collar
15:00 Feudal Age
17:46 Bow Saw
19:46 Castle Age
18:59 Fletching
20:56 Husbandry
20:59 Bodkin Arrow
26:59 Wheelbarrow
28:18 Town Watch
29:01 Hand Cart
30:25 Scale Barding Armor
31:19 Light Cavalry
37:09 Ballistics
36:46 Murder Holes
40:11 Imperial Age
38:54 Chain Barding Armor
40:14 Hussar
42:39 Chemistry
OBrien11
3:18 Loom
16:28 Feudal Age
17:44 Wheelbarrow
16:59 Double-Bit Axe
18:18 Fishing Lines
20:47 Gold Mining
23:55 Castle Age
22:01 Fletching
22:23 Forging
22:20 Scale Barding Armor
23:17 Bloodlines
24:52 Bow Saw
24:40 Bodkin Arrow
25:42 Medium Warships
27:44 Ballistics
29:16 Hand Cart
31:01 Stone Mining
32:28 Stone Shaft Mining
32:18 Chain Barding Armor
39:58 Imperial Age
43:07 Plate Barding Armor
43:38 Chemistry
Yop
8:36 Loom
12:47 Feudal Age
16:58 Castle Age
14:48 Horse Collar
15:12 Fletching
15:13 Double-Bit Axe
18:50 Bow Saw
22:32 Heavy Plow
23:55 Wheelbarrow
23:31 Gold Mining
26:09 Ballistics
26:41 Padded Archer Armor
28:08 Elite Skirmisher
29:39 Thumb Ring
32:51 Leather Archer Armor
32:32 Bodkin Arrow
33:41 Hand Cart
36:57 Imperial Age
36:07 Scale Barding Armor
36:21 Stone Mining
38:02 Conscription
37:48 Husbandry
37:09 Light Cavalry
38:00 Bloodlines
38:12 Chain Barding Armor
37:53 Bracer
38:56 Chemistry
38:51 Hussar
46:31 Pikeman
47:12 Squires
Khan-O-pi
11:31 Loom
13:22 Feudal Age
16:32 Double-Bit Axe
19:01 Gold Mining
22:33 Castle Age
23:33 Medium Warships
23:41 Stone Mining
23:32 Horse Collar
24:04 Bow Saw
24:30 Gold Shaft Mining
24:26 Fletching
25:00 Fishing Lines
27:48 Wheelbarrow
26:58 Town Watch
29:52 Bodkin Arrow
38:06 Imperial Age
38:46 Hand Cart
38:54 Bracer
39:16 Heavy Plow
40:17 Two-Man Saw
40:22 Conscription
40:43 Ballistics
41:25 Chemistry
42:00 Scale Mail Armor
42:11 Forging
43:10 Elite War Wagon
44:47 Stone Shaft Mining
44:29 Squires
44:14 Arson
46:44 Elite Fire Lancer
47:41 Chain Mail Armor
48:01 Iron Casting
Connection lost

Rejoining the realm…

Still unreachable

The connection could not be restored.

Session expired

The server has moved on; the page needs a fresh start.